AoeStats
← Doak

Pilgrims

508748915Analyzed
4v4 RM · 8d ago on Sep 23, 2026· 41m 44s· 8 players
Game mode
Random Map
Map size
Large (8 player)
Population
200
Speed
Normal
Resources
Standard
Victory
Conquest
Starting age
Dark Age
Ending age
Imperial Age
RankedLock teamsTeams togetherTeam positionsShared explorationLock speedFull tech treeHidden civsTurbo modeCheats
Victory
Defeat
🇳🇿 Saxons · New Zealand
1583
+11
🇺🇸 Varangians · United States
1484
+15
🇬🇧 Armenians · United Kingdom
1361
+20
🇺🇸 Saxons · United States
1306
+22
🇨🇦 Armenians · Canada
1476
-18
🇨🇦 Italians · Canada
1457
-17
🇨🇳 Persians · China
1449
-17
🇷🇴 Goths · Romania
1432
-16
CatinaS
9:52 Feudal Age
9:59 Loom
10:25 Loom
15:13 Castle Age
13:00 Double-Bit Axe
14:01 Horse Collar
14:11 Gold Mining
16:31 Wheelbarrow
16:11 Bow Saw
17:30 Hand Cart
20:48 Town Watch
21:33 Stone Mining
22:52 Stone Shaft Mining
24:26 Scale Mail Armor
24:37 Forging
zbtl458613
14:07 Feudal Age
14:27 Double-Bit Axe
17:58 Fishing Lines
18:34 Gold Mining
24:48 Castle Age
25:12 Demolition Ship
26:06 Medium Warships
26:24 Gillnets
28:29 Husbandry
28:39 Bloodlines
29:07 Scale Barding Armor
29:12 Forging
30:24 Chain Barding Armor
31:20 Iron Casting
35:25 Light Cavalry
championqc82
5:34 Loom
9:40 Feudal Age
11:20 Wheelbarrow
10:31 Town Watch
10:44 Double-Bit Axe
11:37 Wheelbarrow
13:10 Fletching
17:16 Castle Age
17:43 Demolition Ship
18:35 Medium Warships
18:51 Bow Saw
18:42 Bodkin Arrow
18:45 Gold Mining
20:28 Padded Archer Armor
22:10 Fishing Lines
23:10 Leather Archer Armor
Liquid Lead
5:01 Loom
11:27 Feudal Age
12:19 Double-Bit Axe
12:37 Fletching
16:31 Gold Mining
16:32 Town Watch
17:23 Wheelbarrow
17:07 Fishing Lines
23:18 Castle Age
22:44 Stone Mining
23:51 Gillnets
24:30 Bow Saw
25:29 Gold Shaft Mining
27:49 Hand Cart
Doak
5:50 Loom
11:39 Feudal Age
12:18 Double-Bit Axe
17:47 Castle Age
16:13 Stone Mining
16:24 Fishing Lines
18:45 Fletching
18:59 Gold Mining
19:24 Bow Saw
19:26 Bodkin Arrow
26:50 Imperial Age
26:07 Wheelbarrow
25:35 Padded Archer Armor
26:39 Ballistics
29:01 Bracer
30:06 Chemistry
35:33 Wheelbarrow
35:21 Leather Archer Armor
35:29 Elite Composite Bowman
39:31 Town Watch
40:42 Town Patrol
some.spiced.ham
4:20 Loom
9:18 Feudal Age
14:29 Fishing Lines
17:38 Wheelbarrow
26:19 Castle Age
24:24 Fletching
27:12 Medium Warships
27:07 Bodkin Arrow
27:17 Gillnets
28:58 Hand Cart
28:28 Town Watch
28:48 Double-Bit Axe
30:41 Town Patrol
33:55 Bow Saw
39:03 Imperial Age
40:51 Bracer
41:27 Heavy Warships
41:46 Ballistics
42:28 Chemistry
41:15 Cranequins
42:02 Thumb Ring
el_Feist
6:12 Loom
10:37 Feudal Age
14:15 Castle Age
12:11 Double-Bit Axe
13:56 Fletching
16:53 Bow Saw
19:31 Gold Mining
20:42 Wheelbarrow
22:20 Stone Mining
23:28 Horse Collar
24:01 Bodkin Arrow
25:02 Careening
25:03 Clinker Construction
27:09 Caravan
29:45 Scale Barding Armor
29:51 Forging
30:53 Bloodlines
30:43 Husbandry
31:28 Chain Barding Armor
33:59 Iron Casting
33:01 Vendel Legacy
36:31 Town Watch
37:47 Ballistics
41:28 Imperial Age
39:58 Light Cavalry
41:41 Spies/Treason
hungdonkey
6:53 Loom
11:08 Feudal Age
11:42 Double-Bit Axe
12:08 Fishing Lines
13:00 Gold Mining
13:30 Town Watch
15:35 Wheelbarrow
18:37 Castle Age
19:43 Medium Warships
19:28 Gillnets
22:51 Careening
23:35 Hand Cart
28:13 Gold Shaft Mining
27:29 Stone Mining
27:58 Bow Saw
28:41 Town Patrol
33:38 Imperial Age
32:53 Scale Mail Armor
33:04 Forging
33:50 Chain Mail Armor
34:02 Fletching
35:24 Two-Man Saw
34:55 Heavy Warships
33:56 Elite Varangian Guard
34:36 Squires
34:22 Arson
34:39 Treadmill Crane
35:09 Masonry
35:37 Iron Casting
36:45 Conscription
38:27 Ballistics
39:08 Chemistry
38:04 Bodkin Arrow
38:52 Murder Holes
38:31 Spies/Treason
41:32 Plate Mail Armor
Connection lost

Rejoining the realm…

Still unreachable

The connection could not be restored.

Session expired

The server has moved on; the page needs a fresh start.